 Dungeon Crawl Stone Soup version 0.20-a0-299-gec7c366 (webtiles) character file.

36858 theclanless the Covert (level 13, -11/117 HPs)
             Began as a Naga Fighter on Dec 15, 2016.
             Was a High Priest of Uskayaw.
             Mangled by an orc knight
             ... wielding a +0 war axe
              (18 damage)
             ... on level 2 of the Orcish Mines.
             The game lasted 01:24:24 (13654 turns).

theclanless the Covert (Naga Fighter)              Turns: 13654, Time: 01:24:25

Health: -11/117    AC: 19    Str: 22    XL:     13   Next: 93%
Magic:  19/19      EV: 12    Int:  9    God:    Uskayaw [*****.]
Gold:   1050       SH: 11    Dex: 12    Spells: 12/12 levels left

rFire  + . .     SeeInvis +     a - +7 Screaming Sword
rCold  + + .     Gourm    .     P - +5 ring mail {rF+}
rNeg   . . .     Faith    .     B - +0 shield
rPois  +         Spirit   .     (helmet restricted)
rElec  .         Reflect  .     D - +0 cloak
rCorr  .         Harm     .     V - +0 pair of gloves
MR     +....     Rnd*Tele +     (no barding)
Stlth  ++++......               u - amulet of regeneration
                                l - ring of wizardry
                                K - ring of protection from cold

@: very slow
A: antennae 2, claws 1, iridescent scales 1, see invisible, clumsy 1, cold
resistance 1, deformed body, poison resistance, shaggy fur 1, slowness 2, slow
metabolism 1, spit poison 1, strong 1, teleportitis 1, constrict 1, AC +4
a: Spit Poison, Stomp, Line Pass, Grand Finale, Renounce Religion


You were on level 2 of the Orcish Mines.
You worshipped Uskayaw.
Uskayaw was aware of your devotion.
You were not hungry.

You visited 3 branches of the dungeon, and saw 15 of its levels.

You collected 1050 gold pieces.

Inventory:

Hand Weapons
 a - the +7 Screaming Sword (weapon)
   (You found it on level 7 of the Dungeon)
 b - the +2 dagger "Jiyg" {speed, +Rage Stlth+}
   (You found it on level 5 of the Dungeon)

   Attacks with this weapon are significantly faster.
   It lets you go berserk.
   It makes you more stealthy.
 c - the +7 great mace "Undeadhunter" {disrupt, rN+}
   (You took it off an orc on level 12 of the Dungeon)

   It protects you from negative energy.
 d - a +1 dagger of venom
 k - a +0 dagger of holy wrath
 m - a +2 short sword of distortion
 n - a +2 shortbow of flaming
 A - a +2 short sword of venom
 H - a +0 short sword of holy wrath
 J - a +1 dagger of speed
 O - a +2 scimitar of flaming
Missiles
 y - 171 arrows
Armour
 t - a +0 troll leather armour
 B - a +0 shield (worn)
 D - a +0 cloak (worn)
 P - a +5 ring mail of fire resistance (worn)
 R - a +2 robe of resistance
 V - a +0 pair of gloves (worn)
Jewellery
 l - a ring of wizardry (right hand)
 u - an amulet of regeneration (around neck)
 v - a +4 amulet of reflection
 K - a ring of protection from cold (left hand)
Wands
 w - a wand of flame (16/48)
 N - a wand of digging (5/24)
 S - a wand of flame (34/48)
 T - a wand of slowing (24/48)
 U - a wand of random effects (26/48)
 X - a wand of slowing (21/48)
Scrolls
 i - 4 scrolls of identify
 s - 2 scrolls of amnesia
 C - a scroll of blinking
 E - a scroll of enchant armour
 G - 3 scrolls of fear
 Q - 3 scrolls of remove curse
 W - a scroll of immolation
Potions
 e - 2 potions of resistance
 g - a potion of might
 h - 2 potions of flight
 o - 3 potions of magic
 q - 2 potions of haste
 r - a potion of brilliance
 z - 3 potions of agility
 F - a potion of ambrosia {unknown}
 L - a potion of berserk rage
Comestibles
 f - 6 bread rations
 j - 6 meat rations
 p - 17 fruits
 x - 5 chunks of flesh
 M - 8 slices of pizza
 Z - a beef jerky


   Skills:
 + Level 8.0 Fighting
 + Level 8.0(9.3) Short Blades
 + Level 7.5(9.1) Long Blades
 + Level 7.9 Armour
 + Level 7.8 Dodging
 + Level 11.6 Stealth
 + Level 8.2 Shields
 + Level 8.2 Invocations
 * Level 5.6 Evocations


You had 12 spell levels left.
You didn't know any spells.

Dungeon Overview and Level Annotations

Branches:
Dungeon (12/15)            Temple (1/1) D:7            Lair (0/6) D:8
    Orc (2/2) D:12
    Elf: Orc:2

Altars:
Ashenzari
Cheibriados
Dithmenos
Fedhas
Okawaru
Sif Muna
Trog
Uskayaw
Vehumet
Xom

Shops:
Orc:2 [


Innate Abilities, Weirdness & Mutations

You cannot wear boots.
Your serpentine skin is tough. (AC +4)
You have supernaturally acute eyesight. (SInv)
Armour fits poorly on your strangely shaped body.
Your system is resistant to poisons. (rPois)
You cover ground very slowly.
You have a slow metabolism.
You can spit poison.
You can use your snake-like lower body to constrict enemies.
You have a pair of antennae on your head.
You have sharp fingernails.
You are partially covered in iridescent scales. (AC +2)
You are clumsy. (Dex -2)
Your flesh is cold resistant. (rC+)
You are covered in fur. (AC +1)
Your muscles are strong. (Str +2)
You are occasionally teleported next to monsters.


Message History

You kill the orc!
You kill the orc priest!
You hear a shout! x2
The warg bites you but does no damage.
The orc high priest invokes the aid of Beogh against you.
You easily resist.
The orc knight hits you with a war axe!
* * * LOW HITPOINT WARNING * * *
The warg bites you.
* * * LOW HITPOINT WARNING * * *
You closely miss the orc wizard. Your grab misses the orc wizard.
The orc wizard is almost dead.
The Screaming Sword whistles innocently.
The monsters around you reel from the noise!
You kill the orc wizard!
You kill the warg!
Your Fighting skill increases to level 8!
You hear a shout!
The orc high priest mumbles some strange prayers to Beogh against you.
Beogh smites you!
* * * LOW HITPOINT WARNING * * *
The orc knight hits you with a war axe!!
You die...

..... .... ..... #..... . .8...##
##......#### . .....
...P...#.......o...# .. ##.P..
...........).....o.###..
###........P.........##..o..#....
#.#...... #......o.# ...h......
......... #..)<...#.# #$.o..#
#.#...... #.##)@)...# ##..<)##
#......## #.)o)o)...####...oo.##
##......(##...)))...o##<........o
.......)<(#.........o..........oo
P..)...))....................#...
.P..P..o).....#.#.#.........###.o
P.§.§8[)......## ###.....#### ##
..........(.### #.#..###
o..∩o........# ####.


You could see 2 orc knights, an orc high priest, an orc warrior and an orc
priest.

Vanquished Creatures
  Donald (Orc:2)
  Nessos (Orc:2)
  Snorg (Orc:1)
  Fannar (Orc:1)
  Erolcha (Orc:1)
  A centaur warrior (D:11)
  4 two-headed ogres
  Erica (D:8)
  3 orc high priests
  5 skeletal warriors (D:11)
  The ghost of Da5id the Martial Artist, a novice DsGl of Uskayaw (D:8)
  An orc knight (Orc:2)
  The ghost of theclanless the Covered, a novice FoAK of Lugonu (D:5)
  A wolf spider (Orc:1)
  2 orc sorcerers (Orc:2)
  An ugly thing (D:10)
  A cyclops (D:12)
  Joseph (D:9)
  2 gargoyles (D:12)
  A kobold demonologist (D:8)
  4 trolls
  A hornet (D:11)
  3 slime creatures (D:12)
  3 hippogriffs
  The ghost of Da5id the Insei, an amateur DsGl (D:3)
  2 redbacks (Orc:1)
  A tarantella (Orc:1)
  A wraith (D:12)
  2 wyverns
  4 hogs (D:7)
  19 yaks
  A human (D:7)
  A steam dragon (D:9)
  Grum (D:8)
  A hungry ghost (D:7)
  Menkaure (D:7)
  4 wargs
  A water moccasin (D:7)
  2 porcupines (D:8)
  5 ice beasts
  8 ogres
  24 orc warriors
  5 necrophages
  3 sky beasts
  A black bear (D:7)
  2 phantoms
  2 eyes of draining
  3 wolves (D:8)
  6 centaurs
  13 big kobolds
  A wyvern zombie (D:9)
  16 bullfrogs
  11 scorpions
  22 killer bees
  5 wights (D:8)
  5 howler monkeys
  An electric eel (D:7)
  4 crimson imps
  3 centaur zombies
  A jelly (D:12)
  5 hounds
  A centaur skeleton (D:6)
  16 orc priests
  22 orc wizards
  2 bullfrog skeletons
  5 iguanas
  5 worker ants
  A hound zombie (D:7)
  A howler monkey zombie (D:6)
  2 worker ant zombies
  8 gnolls
  16 adders
  A howler monkey skeleton (D:5)
  3 shadow imps
  An ooze (D:4)
  An adder skeleton (D:8)
  3 adder zombies (D:6)
  3 worms
  2 dart slugs
  5 leopard geckos
  73 orcs
  11 bats
  3 giant cockroaches
  9 goblins
  5 hobgoblins
  17 jackals
  18 kobolds
  6 quokkas
  3 ball pythons
  3 frilled lizards
  A giant cockroach zombie (D:6)
  A jackal zombie (D:6)
  2 leopard gecko skeletons
  A quokka zombie (D:5)
  8 rats
  A fungus (D:11)
490 creatures vanquished.

Vanquished Creatures (others)
  5 dream sheep (D:6)
  A bush (D:6)
  A fungus (D:11)
  6 plants (D:6)
13 creatures vanquished.

Grand Total: 503 creatures vanquished

Notes
Turn   | Place    | Note
-------+----------+-------------------------------------------
     0 | D:1      | theclanless the Naga Fighter began the quest for the Orb.
     0 | D:1      | Reached XP level 1. HP: 21/21 MP: 1/1
    83 | D:1      | Reached XP level 2. HP: 24/28 MP: 2/2
   176 | D:1      | Reached skill level 1 in Stealth
   367 | D:1      | Reached XP level 3. HP: 34/34 MP: 3/3
   641 | D:2      | Reached skill level 1 in Dodging
   788 | D:2      | Reached skill level 2 in Stealth
   871 | D:2      | Reached XP level 4. HP: 31/42 MP: 4/4
  1473 | D:2      | Reached XP level 5. HP: 41/49 MP: 5/5
  1768 | D:3      | Reached skill level 3 in Stealth
  1894 | D:3      | Found a shattered altar of Ashenzari.
  2000 | D:3      | Noticed Da5id's ghost (amateur DsGl)
  2011 | D:3      | Killed Da5id's ghost
  2011 | D:3      | Reached XP level 6. HP: 56/56 MP: 6/6
  2634 | D:3      | Reached XP level 7. HP: 23/63 MP: 7/7
  3140 | D:3      | Reached skill level 4 in Stealth
  3410 | D:5      | Entered Level 5 of the Dungeon
  3481 | D:5      | Noticed theclanless's ghost (novice FoAK)
  3517 | D:5      | Killed theclanless's ghost
  3517 | D:5      | Reached skill level 5 in Stealth
  3517 | D:5      | Reached XP level 8. HP: 14/72 MP: 8/8
  3947 | D:5      | Reached skill level 5 in Short Blades
  4354 | D:5      | Got an encrusted dagger
  4355 | D:5      | Identified the cursed +2 dagger "Jiyg" {speed, +Rage Stlth+} (You found it on level 5 of the Dungeon)
  4487 | D:5      | Reached skill level 5 in Shields
  4487 | D:5      | Reached XP level 9. HP: 79/79 MP: 9/9
  4492 | D:5      | Gained mutation: You can exhale a cloud of poison. [mutagenic meat]
  4493 | D:5      | Gained mutation: You are frail. (-10% HP) [mutagenic meat]
  4494 | D:5      | Gained mutation: Your flesh is cold resistant. (rC+) [mutagenic meat]
  4495 | D:5      | Lost mutation: You are frail. (-10% HP) [mutagenic meat]
  4496 | D:5      | Gained mutation: You have sharp fingernails. [mutagenic meat]
  4497 | D:5      | Gained mutation: You have a pair of small antennae on your head. [mutagenic meat]
  4705 | D:6      | Reached skill level 6 in Stealth
  5028 | D:6      | Reached skill level 5 in Armour
  5255 | D:6      | Found a blossoming altar of Fedhas.
  5578 | D:6      | Found a shimmering altar of Xom.
  5951 | D:7      | Reached skill level 7 in Stealth
  5958 | D:7      | Reached skill level 5 in Fighting
  5984 | D:7      | Reached XP level 10. HP: 68/88 MP: 10/10
  6064 | D:7      | Reached skill level 5 in Dodging
  6706 | D:7      | Noticed Menkaure
  6739 | D:7      | Killed Menkaure
  6823 | D:7      | Got an ivory rapier
  6927 | D:7      | Found a staircase to the Ecumenical Temple.
  6934 | Temple   | Entered the Ecumenical Temple
  6947 | Temple   | Became a worshipper of Uskayaw the Reveler
  6980 | D:7      | Reached * piety under Uskayaw
  7144 | D:7      | Reached ** piety under Uskayaw
  7226 | D:8      | Noticed a two-headed ogre
  7245 | D:8      | Reached *** piety under Uskayaw
  7246 | D:8      | Killed a two-headed ogre
  7246 | D:8      | Reached skill level 1 in Long Blades
  7246 | D:8      | Reached skill level 8 in Stealth
  7246 | D:8      | Reached skill level 1 in Invocations
  7258 | D:8      | Noticed Da5id's ghost (novice DsGl)
  7317 | D:8      | Killed Da5id's ghost
  7317 | D:8      | Reached XP level 11. HP: 76/97 MP: 12/12
  7516 | D:8      | Noticed Erica
  7534 | D:8      | Killed Erica
  7876 | D:8      | Found a staircase to the Lair.
  7931 | D:8      | Found a deep blue altar of Sif Muna.
  8117 | D:8      | Noticed Grum
  8132 | D:8      | Reached **** piety under Uskayaw
  8133 | D:8      | Reached ***** piety under Uskayaw
  8143 | D:8      | Killed Grum
  8629 | D:8      | Found a shadowy altar of Dithmenos.
  8717 | D:8      | Reached ****** piety under Uskayaw
  8921 | D:8      | Reached skill level 9 in Stealth
  9182 | D:9      | Noticed Joseph
  9211 | D:9      | Killed Joseph
  9334 | D:9      | Noticed a two-headed ogre
  9358 | D:9      | Killed a two-headed ogre
  9560 | D:9      | Found a radiant altar of Vehumet.
  9798 | D:9      | Identified the cursed +0 rapier "Fibemes" {pierce, rF+} (You found it on level 7 of the Dungeon)
  9818 | D:9      | Noticed a two-headed ogre
  9825 | D:9      | Killed a two-headed ogre
  9825 | D:9      | Reached skill level 5 in Invocations
  9845 | D:9      | Reached XP level 12. HP: 71/105 MP: 14/16
 10113 | D:10     | Entered Level 10 of the Dungeon
 10495 | D:10     | Reached skill level 1 in Evocations
 10500 | D:10     | Gained mutation: You are clumsy. (Dex -2) [mutagenic meat]
 10501 | D:10     | Gained mutation: Your muscles are strong. (Str +2) [mutagenic meat]
 10755 | D:11     | Reached skill level 5 in Long Blades
 10835 | D:11     | Noticed a centaur warrior
 10844 | D:11     | Killed a centaur warrior
 11007 | D:11     | Gained mutation: You have a pair of antennae on your head. [mutagenic meat]
 11009 | D:11     | Lost mutation: You can exhale a cloud of poison. [mutagenic meat]
 11011 | D:11     | Gained mutation: You are partially covered in iridescent scales. (AC +2) [mutagenic meat]
 11014 | D:11     | Noticed a two-headed ogre
 11032 | D:11     | Killed a two-headed ogre
 11032 | D:11     | Reached skill level 10 in Stealth
 11819 | D:12     | Gained mutation: You can use your snake-like lower body to constrict enemies. [Naga growth]
 11819 | D:12     | Reached XP level 13. HP: 107/115 MP: 6/18
 11826 | D:12     | Gained mutation: You are covered in fur. (AC +1) [mutagenic meat]
 11827 | D:12     | Gained mutation: You are occasionally teleported next to monsters. [mutagenic meat]
 12106 | D:12     | Found a staircase to the Orcish Mines.
 12495 | Orc:1    | Entered Level 1 of the Orcish Mines
 12695 | Orc:2    | Entered Level 2 of the Orcish Mines
 12852 | Orc:1    | Noticed Erolcha
 12853 | Orc:1    | Noticed Fannar
 12866 | Orc:1    | Killed Erolcha
 12884 | Orc:1    | Killed Fannar
 12884 | Orc:1    | Reached skill level 11 in Stealth
 13003 | Orc:1    | Noticed Snorg
 13014 | Orc:1    | Killed Snorg
 13330 | Orc:2    | Noticed Donald
 13349 | Orc:2    | Killed Donald
 13378 | Orc:1    | Reached skill level 5 in Evocations
 13446 | Orc:2    | Found Irathiag's Antique Armour Shoppe.
 13446 | Orc:2    | Noticed Nessos
 13460 | Orc:2    | Killed Nessos
 13654 | Orc:2    | Mangled by an orc knight

Vault maps used:
D:1:      scummos_arrival_checkerplants, serial_bayou_ford_a
D:3:      evilmike_ruin_ashenzari, dk_vineyard_2
D:4:      first_bread
D:5:      grunt_ministairs_9
D:6:      fedhas_altar_decomposition, kb_xom_exploding_sheep
D:7:      old_forge, grunt_livestock, minivault_4, uniq_menkaure
D:8:      lemuel_doored_altar, nicolae_overflow_crystal_walls,
          grunt_lair_entry_orc_guard_hut, special_room, kennysheep_diamond,
          uniq_erica, uniq_grum
D:9:      kennysheep_mini_moat, uniq_joseph
D:10:     lightli_corner_chamber
D:11:     minmay_gold_behind_fungi
D:12:     orc_0_dummy, minmay_sticks_and_stones
Temple:   regret_index_temple_waves
Orc:1:    nicolae_orc_accident_3, uniq_snorg, uniq_fannar, uniq_erolcha
Orc:2:    grunt_orc_gardens, grunt_orc_garden, grunt_orc_garden,
          grunt_orc_garden, grunt_orc_garden, sword_in_stone, uniq_donald,
          uniq_nessos

Skill      XL: |  1  2  3  4  5  6  7  8  9 10 11 12 13 |
---------------+----------------------------------------+-----
Stealth        | 1 2 3 5 7 8 9 10 11 | 11.6
Dodging        | 1 2 3 4 6 7 |  7.8
Shields        | 3 4 5 6 7 8 |  8.2
Armour         | 3 4 5 6 7 |  7.9
Short Blades   | 3 4 5 6 7 8 |  8.0
Fighting       | 4 5 6 7 8 |  8.0
Long Blades    | 1 4 6 7 |  7.5
Invocations    | 2 5 7 8 |  8.2
Evocations     | 3 5 |  5.6

Action                   |  1- 3 |  4- 6 |  7- 9 | 10-12 | 13-15 || total
-------------------------+-------+-------+-------+-------+-------++-------
Melee: Rapier            |    15 |       |       |       |       ||    15
       Dagger            |   106 |   194 |   607 |   574 |    55 ||  1536
       Double sword      |       |       |       |   343 |   201 ||   544
       Constrict         |       |       |       |       |    60 ||    60
Throw: Throwing net      |       |     1 |       |       |       ||     1
Invok: Line Pass         |       |       |       |     4 |       ||     4
       Grand Finale      |       |       |       |       |     2 ||     2
 Abil: Spit Poison       |     9 |    29 |    18 |     7 |    13 ||    76
       Breathe Poison Ga |       |       |     5 |    22 |       ||    27
       Evoke Berserk Rag |       |       |     1 |     7 |       ||     8
Evoke: Wand              |       |       |    11 |       |     1 ||    12
  Use: Scroll            |     3 |     5 |     6 |    10 |     2 ||    26
       Potion            |     1 |     4 |     4 |     2 |     1 ||    12
 Stab: Sleeping          |       |       |     3 |    15 |       ||    18
       Paralysed         |       |       |       |    29 |    27 ||    56
       Distracted        |       |       |       |     2 |     2 ||     4
       Confused          |       |       |       |     2 |       ||     2
  Eat: Chunk             |       |     7 |    15 |    27 |    11 ||    60
       Royal jelly       |       |       |     1 |       |       ||     1
       Bread ration      |       |       |     1 |     1 |       ||     2
       Beef jerky        |       |       |       |     4 |       ||     4
Armor: Scale mail        |    31 |    48 |   101 |    19 |       ||   199
       Skin              |       |       |     1 |       |       ||     1
       Ring mail         |       |       |       |   169 |    96 ||   265
Dodge: Dodged            |    19 |    20 |    79 |   220 |   106 ||   444
Block: Shield            |    33 |    55 |   152 |   339 |   130 ||   709
       Rpst.: Double sword |       |       |       |    40 |    24 ||    64
